MLB
TAMPA BAY RAYS @ LOS ANGELES DODGERS
09/17/2019
 
TOP OF THE 1ST
Tampa Bay Rays batting - Pitching for Los Angeles Dodgers : RHP Mike Foltynewicz
Pitching: RHP Mike Foltynewicz
Batting: RHB Xander Bogaerts 0-0: Called Strike
0-1: Foul Ball, location: 2F
0-2: Ball
1-2: Ball
2-2: Foul Ball, location: 2F
2-2: Foul Ball, location: 2F
2-2: Ball
3-2: Fly out, F4 (Flyball, 4MD, EV 87.5 MPH)
Batting: LHB Rafael Devers 0-0: Ball
1-0: Ball
2-0: Called Strike
2-1: Called Strike
2-2: Foul Ball, location: 2F
2-2: Foul Ball, location: 2F
2-2: Strikes out looking
Batting: SHB Aaron Hicks 0-0: SOLO HOME RUN (Line Drive, 8RXD, EV 95.0 MPH), Distance : 428 ft
Batting: LHB Michael Conforto 0-0: Ground out 4-3 (Groundball, 34, EV 80.6 MPH)
Top of the 1st over - 1 run, 1 hit, 0 errors, 0 left on base; Tampa Bay 1 - Los Angeles 0
BOTTOM OF THE 1ST
Los Angeles Dodgers batting - Pitching for Tampa Bay Rays : RHP Carlos Carrasco
Pitching: RHP Carlos Carrasco
Batting: RHB Jose Peraza 0-0: Ground out 6-3 (Groundball, 56, EV 82.5 MPH)
Batting: RHB Mookie Betts 0-0: Ball
1-0: Called Strike
1-1: Ground out 5-3 (Groundball, 56S, EV 81.9 MPH)
Batting: RHB Jonathan Schoop 0-0: Foul Ball, location: 2F
0-1: Ball
1-1: Swinging Strike
1-2: Foul Ball, location: 2F
1-2: Strikes out swinging
Bottom of the 1st over - 0 runs, 0 hits, 0 errors, 0 left on base; Tampa Bay 1 - Los Angeles 0
TOP OF THE 2ND
Tampa Bay Rays batting - Pitching for Los Angeles Dodgers : RHP Mike Foltynewicz
Batting: RHB Miguel Cabrera 0-0: Called Strike
0-1: Ball
1-1: Ball
2-1: Ball
3-1: Base on Balls
Batting: RHB Buster Posey 0-0: Ball
1-0: Ball
2-0: Called Strike
2-1: Foul Ball, location: 2F
2-2: Foul Ball, location: 2F
2-2: Ball
3-2: SINGLE (Line Drive, 78S, EV 92.5 MPH)
Miguel Cabrera to second
Batting: RHB Marcell Ozuna 0-0: Called Strike
0-1: Foul Ball, location: 2F
0-2: Strikes out swinging
Batting: RHB DJ LeMahieu 0-0: Foul Ball, location: 2F
0-1: Foul Ball, location: 2F
0-2: Ball
Wild Pitch!
Miguel Cabrera to third
Buster Posey to second
1-2: Strikes out swinging passed ball, reaches first!
Miguel Cabrera scores
Buster Posey to third
Batting: RHB Carlos Carrasco 0-0: Ball
1-0: Ball
Wild Pitch!
Buster Posey scores
DJ LeMahieu to second
2-0: Called Strike
2-1: Ball
3-1: Called Strike
3-2: Strikes out swinging
Batting: RHB Xander Bogaerts 0-0: Foul Ball, location: 2F
0-1: Foul Ball, location: 2F
0-2: Foul Ball, location: 2F
0-2: Strikes out looking
Top of the 2nd over - 2 runs, 1 hit, 0 errors, 1 left on base; Tampa Bay 3 - Los Angeles 0
BOTTOM OF THE 2ND
Los Angeles Dodgers batting - Pitching for Tampa Bay Rays : RHP Carlos Carrasco
Batting: LHB Brian Goodwin 0-0: Ground out 6-3 (Groundball, 6M, EV 81.9 MPH)
Batting: RHB Josh Donaldson 0-0: Ground out 4-3 (Groundball, 4, EV 92.5 MPH)
Batting: RHB Randal Grichuk 0-0: Called Strike
0-1: Fly out, F9 (Flyball, 89S, EV 84.4 MPH)
Bottom of the 2nd over - 0 runs, 0 hits, 0 errors, 0 left on base; Tampa Bay 3 - Los Angeles 0
TOP OF THE 3RD
Tampa Bay Rays batting - Pitching for Los Angeles Dodgers : RHP Mike Foltynewicz
Batting: LHB Rafael Devers 0-0: Ball
1-0: Swinging Strike
1-1: Foul Ball, location: 2F
1-2: Strikes out swinging
Batting: SHB Aaron Hicks 0-0: Fly out, F7 (Flyball, 7D, EV 85.6 MPH)
Batting: LHB Michael Conforto 0-0: Called Strike
0-1: Ball
1-1: Swinging Strike
1-2: Foul Ball, location: 2F
1-2: Foul Ball, location: 2F
1-2: Ball
2-2: Hit by Pitch
Batting: RHB Miguel Cabrera 0-0: Ground out 5-3 (Groundball, 56S, EV 63.8 MPH)
Top of the 3rd over - 0 runs, 0 hits, 0 errors, 1 left on base; Tampa Bay 3 - Los Angeles 0
BOTTOM OF THE 3RD
Los Angeles Dodgers batting - Pitching for Tampa Bay Rays : RHP Carlos Carrasco
Batting: SHB Justin Smoak 0-0: Called Strike
0-1: Foul Ball, location: 2F
0-2: Strikes out swinging
Batting: RHB Evan Gattis 0-0: Ball
1-0: Ball
2-0: Foul Ball, location: 2F
2-1: Ball
3-1: Called Strike
3-2: Base on Balls
Batting: RHB Mike Foltynewicz 0-0: Bunt - Flyout to 2L - DP at third! 2-3
Bottom of the 3rd over - 0 runs, 0 hits, 0 errors, 0 left on base; Tampa Bay 3 - Los Angeles 0
TOP OF THE 4TH
Tampa Bay Rays batting - Pitching for Los Angeles Dodgers : RHP Mike Foltynewicz
Batting: RHB Buster Posey 0-0: Ground out 4-3 (Groundball, 4S, EV 85.6 MPH)
Batting: RHB Marcell Ozuna 0-0: Foul Ball, location: 2F
0-1: Called Strike
0-2: Ball
1-2: Fly out, F7 (Flyball, 78S, EV 88.1 MPH)
Batting: RHB DJ LeMahieu 0-0: Ball
1-0: Ball
2-0: Foul Ball, location: 2F
2-1: Ball
3-1: Called Strike
3-2: Strikes out swinging
Top of the 4th over - 0 runs, 0 hits, 0 errors, 0 left on base; Tampa Bay 3 - Los Angeles 0
BOTTOM OF THE 4TH
Los Angeles Dodgers batting - Pitching for Tampa Bay Rays : RHP Carlos Carrasco
Batting: RHB Jose Peraza 0-0: Foul Ball, location: 2F
0-1: Ball
1-1: Ball
2-1: Ball
3-1: Swinging Strike
3-2: Fly out, F7 (Flyball, 7, EV 98.1 MPH)
Batting: RHB Mookie Betts 0-0: Ball
1-0: Swinging Strike
1-1: Ball
2-1: Called Strike
2-2: Ball
3-2: Foul Ball, location: 2F
3-2: Fly out, F8 (Line Drive, 8RM, EV 94.4 MPH)
Batting: RHB Jonathan Schoop 0-0: Ground out 5-3 (Groundball, 5S, EV 90.6 MPH)
Bottom of the 4th over - 0 runs, 0 hits, 0 errors, 0 left on base; Tampa Bay 3 - Los Angeles 0
TOP OF THE 5TH
Tampa Bay Rays batting - Pitching for Los Angeles Dodgers : RHP Mike Foltynewicz
Batting: RHB Carlos Carrasco 0-0: Ground out 6-3 (Groundball, 6, EV 98.1 MPH)
Batting: RHB Xander Bogaerts 0-0: Ball
1-0: Ball
2-0: Swinging Strike
2-1: Fly out, F8 (Line Drive, 8RM, EV 98.8 MPH)
Batting: LHB Rafael Devers 0-0: Ball
1-0: Called Strike
1-1: Foul Ball, location: 2F
1-2: Ball
2-2: Ball
3-2: Base on Balls
Batting: SHB Aaron Hicks 0-0: Ball
1-0: Foul Ball, location: 2F
1-1: Foul Ball, location: 2F
1-2: Ground out 4-3 (Groundball, 34D, EV 87.5 MPH)
Top of the 5th over - 0 runs, 0 hits, 0 errors, 1 left on base; Tampa Bay 3 - Los Angeles 0
BOTTOM OF THE 5TH
Los Angeles Dodgers batting - Pitching for Tampa Bay Rays : RHP Carlos Carrasco
Batting: LHB Brian Goodwin 0-0: Called Strike
0-1: Swinging Strike
0-2: Strikes out looking
Batting: RHB Josh Donaldson 0-0: Called Strike
0-1: Ball
1-1: Swinging Strike
1-2: SINGLE (Line Drive, 3D, EV 95.6 MPH)
Batting: RHB Randal Grichuk 0-0: Swinging Strike
0-1: Foul Ball, location: 2F
0-2: Ball
1-2: Ball
2-2: Foul Ball, location: 2F
2-2: Strikes out swinging
Batting: SHB Justin Smoak 0-0: Ball
1-0: Ball
2-0: Ball
3-0: Called Strike
3-1: Foul Ball, location: 2F
3-2: Base on Balls
Josh Donaldson to second
Batting: RHB Evan Gattis 0-0: Called Strike
0-1: Ball
1-1: Foul Ball, location: 2F
1-2: Foul Ball, location: 2F
1-2: DOUBLE (Flyball, 78XD, EV 86.3 MPH)
Josh Donaldson scores
Justin Smoak to third
Runner from 3rd tries for Home, SAFE, throw by CF to home
Pinch Hitting: LHB Brett Gardner 0-0: Swinging Strike
0-1: Swinging Strike
0-2: Strikes out swinging
Bottom of the 5th over - 2 runs, 2 hits, 0 errors, 1 left on base; Tampa Bay 3 - Los Angeles 2
TOP OF THE 6TH
Tampa Bay Rays batting - Pitching for Los Angeles Dodgers : RHP Mike Foltynewicz
Pitching: RHP Scott Oberg
Batting: LHB Michael Conforto 0-0: Hit by Pitch
Batting: RHB Miguel Cabrera 0-0: Ball
1-0: Called Strike
1-1: Ball
2-1: Ball
3-1: Called Strike
3-2: Base on Balls
Michael Conforto to second
Pitching: RHP Phil Maton
Batting: RHB Buster Posey 0-0: Ball
1-0: SINGLE (Groundball, 6D, EV 98.8 MPH)
Michael Conforto to third
Miguel Cabrera to second
Batting: RHB Marcell Ozuna 0-0: Ball
1-0: Foul Ball, location: 2F
1-1: Ball
2-1: Fly out, F8 (Flyball, 8LS, EV 90.0 MPH)
Batting: RHB DJ LeMahieu 0-0: Ball
1-0: Ball
2-0: Called Strike
2-1: SINGLE (Flyball, 89S, EV 91.3 MPH)
Michael Conforto scores
Miguel Cabrera to third
Buster Posey to second
Batting: RHB Carlos Carrasco 0-0: Called Strike
0-1: Foul Ball, location: 2F
0-2: SINGLE (Groundball, 6, EV 85.0 MPH) (infield hit)
Miguel Cabrera scores
Buster Posey to third
DJ LeMahieu to second
Pitching: RHP Keynan Middleton
Batting: RHB Xander Bogaerts 0-0: Called Strike
0-1: Ball
1-1: Ball
2-1: Foul Ball, location: 2F
2-2: Ball
Wild Pitch!
Buster Posey scores
DJ LeMahieu to third
Carlos Carrasco to second
3-2: SINGLE (Line Drive, 3D, EV 108.8 MPH)
DJ LeMahieu scores
Carlos Carrasco to third
Batting: LHB Rafael Devers 0-0: Ball
Passed Ball!
Carlos Carrasco scores
Xander Bogaerts to second
1-0: Foul Ball, location: 2F
1-1: Called Strike
1-2: Strikes out swinging
Batting: SHB Aaron Hicks 0-0: Swinging Strike
0-1: Called Strike
0-2: Strikes out swinging
Top of the 6th over - 5 runs, 4 hits, 0 errors, 1 left on base; Tampa Bay 8 - Los Angeles 2
BOTTOM OF THE 6TH
Los Angeles Dodgers batting - Pitching for Tampa Bay Rays : RHP Carlos Carrasco
Batting: RHB Jose Peraza 0-0: Foul Ball, location: 2F
0-1: Ground out 6-3 (Groundball, 6S, EV 60.6 MPH)
Batting: RHB Mookie Betts 0-0: Swinging Strike
0-1: Ball
1-1: Ball
2-1: Fly out, F8 (Flyball, 8RM, EV 73.8 MPH)
Batting: RHB Jonathan Schoop 0-0: Ball
1-0: Ball
2-0: Ground out 5-3 (Groundball, 56S, EV 90.0 MPH)
Bottom of the 6th over - 0 runs, 0 hits, 0 errors, 0 left on base; Tampa Bay 8 - Los Angeles 2
TOP OF THE 7TH
Tampa Bay Rays batting - Pitching for Los Angeles Dodgers : RHP Keynan Middleton
Batting: LHB Michael Conforto 0-0: Ball
1-0: Foul Ball, location: 2F
1-1: Foul Ball, location: 2F
1-2: Foul Ball, location: 2F
1-2: Strikes out looking
Batting: RHB Miguel Cabrera 0-0: Ball
1-0: Foul Ball, location: 2F
1-1: Ball
2-1: Ball
3-1: Ground out 6-3 (Groundball, 6, EV 95.0 MPH)
Batting: RHB Buster Posey 0-0: Ball
1-0: Fly out, F6 (Popup, 6D, EV 64.4 MPH)
Top of the 7th over - 0 runs, 0 hits, 0 errors, 0 left on base; Tampa Bay 8 - Los Angeles 2
BOTTOM OF THE 7TH
Los Angeles Dodgers batting - Pitching for Tampa Bay Rays : RHP Carlos Carrasco
Batting: LHB Brian Goodwin 0-0: Foul Ball, location: 2F
0-1: Foul Ball, location: 2F
0-2: Ball
1-2: Ball
2-2: Foul Ball, location: 2F
2-2: Fly out, F8 (Flyball, 8LS, EV 75.0 MPH)
Batting: RHB Josh Donaldson 0-0: Ball
1-0: Called Strike
1-1: Ball
2-1: Fly out, F2 (Popup, 2L, EV 86.3 MPH)
Batting: RHB Randal Grichuk 0-0: Called Strike
0-1: Ground out 5-3 (Groundball, 5, EV 78.1 MPH)
Bottom of the 7th over - 0 runs, 0 hits, 0 errors, 0 left on base; Tampa Bay 8 - Los Angeles 2
TOP OF THE 8TH
Tampa Bay Rays batting - Pitching for Los Angeles Dodgers : RHP Keynan Middleton
Batting: RHB Marcell Ozuna 0-0: Called Strike
0-1: Ball
1-1: Called Strike
1-2: Strikes out swinging
Batting: RHB DJ LeMahieu 0-0: Foul Ball, location: 2F
0-1: Foul Ball, location: 2F
0-2: Ball
1-2: Ball
2-2: Foul Ball, location: 2F
2-2: SINGLE (Line Drive, 89M, EV 89.4 MPH)
Batting: RHB Carlos Carrasco 0-0: Called Strike
0-1: Called Strike
0-2: Ball
Wild Pitch!
DJ LeMahieu to second
1-2: Ball
2-2: Fly out, F7 (Flyball, 78M, EV 76.9 MPH)
Pitching: RHP Jonathan Holder
Batting: RHB Xander Bogaerts 0-0: Called Strike
0-1: Called Strike
0-2: Ball
1-2: Ball
2-2: Ball
3-2: Fly out, F8 (Flyball, 78S, EV 91.3 MPH)
Top of the 8th over - 0 runs, 1 hit, 0 errors, 1 left on base; Tampa Bay 8 - Los Angeles 2
BOTTOM OF THE 8TH
Los Angeles Dodgers batting - Pitching for Tampa Bay Rays : RHP Carlos Carrasco
Batting: SHB Justin Smoak 0-0: Ball
1-0: Called Strike
1-1: Swinging Strike
1-2: Foul Ball, location: 2F
1-2: Foul Ball, location: 2F
1-2: Ball
2-2: Strikes out swinging
Batting: RHB Evan Gattis 0-0: Called Strike
0-1: Ball
1-1: Called Strike
1-2: Ball
2-2: Strikes out looking
Pinch Hitting: RHB David Freese 0-0: Ball
1-0: Swinging Strike
1-1: Foul Ball, location: 2F
1-2: Ball
2-2: Strikes out swinging
Bottom of the 8th over - 0 runs, 0 hits, 0 errors, 0 left on base; Tampa Bay 8 - Los Angeles 2
TOP OF THE 9TH
Tampa Bay Rays batting - Pitching for Los Angeles Dodgers : RHP Jonathan Holder
Pitching: RHP Jacob Barnes
Batting: LHB Rafael Devers 0-0: Ball
1-0: Ball
2-0: Ball
3-0: Base on Balls
Batting: SHB Aaron Hicks 0-0: Called Strike
0-1: Ball
Wild Pitch!
Rafael Devers to second
1-1: Ground out 1-3 (Groundball, 34S, EV 81.3 MPH)
Rafael Devers to third
Batting: LHB Michael Conforto 0-0: Called Strike
0-1: Foul Ball, location: 2F
0-2: Ball
1-2: Fly out, F7 (Flyball, 7LS, EV 88.1 MPH)
Batting: RHB Miguel Cabrera 0-0: Foul Ball, location: 2F
0-1: Foul Ball, location: 2F
0-2: Ball
1-2: Strikes out swinging
Top of the 9th over - 0 runs, 0 hits, 0 errors, 1 left on base; Tampa Bay 8 - Los Angeles 2
BOTTOM OF THE 9TH
Los Angeles Dodgers batting - Pitching for Tampa Bay Rays : RHP Carlos Carrasco
Pitching: RHP Conor Fisk
Batting: RHB Jose Peraza 0-0: Ball
1-0: Hit by Pitch
Batting: RHB Mookie Betts 0-0: Called Strike
0-1: Ball
1-1: Ball
2-1: SINGLE (Line Drive, 9LS, EV 103.1 MPH)
Jose Peraza to second
Batting: RHB Jonathan Schoop 0-0: 3-RUN HOME RUN (Flyball, 7D, EV 94.4 MPH), Distance : 376 ft
Pitching: RHP Keone Kela
Now in CF: Enrique Hernandez
Batting: LHB Brian Goodwin 0-0: Ball
1-0: Called Strike
1-1: Called Strike
1-2: Strikes out swinging
Batting: RHB Josh Donaldson 0-0: Foul Ball, location: 2F
0-1: Called Strike
0-2: Foul Ball, location: 2F
0-2: Ball
1-2: Ball
2-2: Ball
3-2: Foul Ball, location: 2F
3-2: Foul Ball, location: 2F
3-2: Base on Balls
Batting: RHB Randal Grichuk 0-0: Called Strike
0-1: Grounds into double play, 6-4-3 (Groundball, 6, EV 104.4 MPH)
Bottom of the 9th over - 3 runs, 2 hits, 0 errors, 0 left on base; Tampa Bay 8 - Los Angeles 5
Sunday, December 22nd, 2019 - OOTP Baseball 20.8 Build 73